 Dungeon Crawl Stone Soup version 0.23.2 (webtiles) character file.

Game seed: 16668806105433117942

28 esteth the Magician (level 3, 0/25 HPs)
             Began as a Gnoll Wizard on Apr 13, 2019.
             Killed from afar by an orc wizard (10 damage)
             ... with a puff of flame
             ... on level 3 of the Dungeon.
             The game lasted 00:02:23 (1187 turns).

esteth the Magician (Gnoll Wizard)                  Turns: 1187, Time: 00:02:23

Health: 0/25       AC:  3    Str:  9    XL:     3   Next: 12%
Magic:  3/11       EV: 14    Int: 21    God:
Gold:   51         SH:  0    Dex: 13    Spells: 11/16 levels left

rFire    . . .     SeeInvis .   c - +0 dagger
rCold    . . .     Gourm    .   (no shield)
rNeg     . . .     Faith    .   a - +0 robe
rPois    .         Spirit   .   b - +0 hat
rElec    .         Reflect  .   (no cloak)
rCorr    .         Harm     .   o - +0 pair of gloves
MR       .....                  (no boots)
Stlth    +++.......             (no amulet)
HPRegen  0.08/turn              (no ring)
MPRegen  0.12/turn              (no ring)

@: no status effects
A: distributed training, fangs 1, strong nose
a: no special abilities


You were on level 3 of the Dungeon.
You were not hungry.

You visited 1 branch of the dungeon, and saw 3 of its levels.

You collected 51 gold pieces.

Inventory:

Hand Weapons
 c - a +0 dagger (weapon)
Armour
 a - a +0 robe (worn)
 b - a +0 hat (worn)
 o - a +0 pair of gloves (worn)
Scrolls
 e - a scroll of teleportation {unknown}
 g - a scroll of enchant weapon {unknown}
 h - 3 scrolls of noise {unknown}
 i - 2 scrolls of identify {unknown}
 n - a scroll of amnesia {unknown}
Potions
 j - a potion of curing {unknown}
 k - a potion of invisibility {unknown}
 l - a potion of might {unknown}
 m - a potion of cancellation {unknown}
Comestibles
 d - 2 rations
 f - 2 chunks of flesh


   Skills:
 + Level 0.6 Fighting
 + Level 0.6 Short Blades
 + Level 0.6 Long Blades
 + Level 0.6 Axes
 + Level 0.6 Maces & Flails
 + Level 0.6 Polearms
 + Level 0.6 Staves
 + Level 0.6 Slings
 + Level 0.6 Bows
 + Level 0.6 Crossbows
 + Level 0.6 Throwing
 + Level 0.6 Armour
 + Level 4.5 Dodging
 + Level 4.1 Stealth
 + Level 0.6 Shields
 + Level 0.6 Unarmed Combat
 + Level 7.1 Spellcasting
 + Level 2.1 Conjurations
 + Level 0.4 Hexes
 + Level 0.4 Charms
 + Level 2.1 Summonings
 + Level 0.4 Necromancy
 + Level 2.1 Translocations
 + Level 0.4 Transmutations
 + Level 0.4 Fire Magic
 + Level 0.4 Ice Magic
 + Level 0.4 Air Magic
 + Level 0.4 Earth Magic
 + Level 0.4 Poison Magic
 + Level 0.8 Invocations
 + Level 0.6 Evocations


You had 11 spell levels left.
You knew the following spells:

 Your Spells              Type           Power        Failure   Level  Hunger
a - Magic Dart            Conj           ###.         3%          1    None
b - Blink                 Tloc           N/A          5%          2    None
c - Call Imp              Summ           ###.....     5%          2    None

Your spell library contained the following spells:

 Spells                   Type           Power        Failure   Level  Hunger
 Slow                     Hex            #.......     11%         2    None
 Conjure Flame            Conj/Fire      ##......     16%         3    None
 Mephitic Cloud           Conj/Pois/Air  ##......     17%         3    None


Dungeon Overview and Level Annotations

Branches:
Dungeon (3/15)

Altars:


Innate Abilities, Weirdness & Mutations

Your experience applies equally to all skills.
You have very sharp teeth.
Your uncanny sense of smell can sniff out nearby items.


Message History

You swap places.
Your crimson imp disappears in a puff of smoke!
Your crimson imp hits the orc.
The orc hits your crimson imp with a +1 trident of flaming.
Something hits you.
You miss something. Something hits you.
Your crimson imp closely misses the orc.
The orc hits your crimson imp with a +1 trident of flaming!
You barely miss something. Something hits you.
Your crimson imp hits the orc.
The orc dies!
You hear some strange, mumbled words.
A puff of flame appears from out of thin air!
The puff of flame misses you.
You miss something. Something barely misses you.
Your crimson imp blinks!
You hit something but do no damage. Something barely misses you.
You hear some strange, mumbled words.
A puff of flame appears from out of thin air!
The puff of flame hits you!
You die...

#.#.#.#.#
#.#.#.#.#
#.......#
#.######.#.#####.#
#.................
#####....###.###..
. #.##<# #.# ...
#....###5##...#
#####.@{oo..#
#.####5...# #.#
.#... #.# .. . #.#
.. ..# #. ###


You could see 2 orcs and 2 friendly crimson imps.

Vanquished Creatures
  A leopard gecko (D:3)
  2 bats
  A giant cockroach (D:3)
  2 hobgoblins (D:1)
  4 kobolds (D:1)
  A quokka (D:3)
  2 ball pythons (D:1)
  2 frilled lizards
  2 goblins (D:1)
  6 rats
23 creatures vanquished.

Vanquished Creatures (collateral kills)
  2 orcs (D:3)
2 creatures vanquished.

Grand Total: 25 creatures vanquished

Notes
Turn   | Place    | Note
-------+----------+-------------------------------------------
     0 | D:1      | esteth the Gnoll Wizard began the quest for the Orb.
     0 | D:1      | Reached XP level 1. HP: 13/13 MP: 8/8
   164 | D:1      | Reached XP level 2. HP: 18/19 MP: 10/10
  1089 | D:3      | Learned a level 2 spell: Blink
  1092 | D:3      | Learned a level 2 spell: Call Imp
  1168 | D:3      | Reached XP level 3. HP: 23/25 MP: 7/11
  1187 | D:3      | Killed from afar by an orc wizard

Skill      XL: |  1 |
---------------+----+-----
Conjurations   | 2 |  2.1
Summonings     | 2 |  2.1
Translocations | 2 |  2.1
Fighting       | |  0.6
Short Blades   | |  0.6
Long Blades    | |  0.6
Axes           | |  0.6
Maces & Flails | |  0.6
Polearms       | |  0.6
Staves         | |  0.6
Slings         | |  0.6
Bows           | |  0.6
Crossbows      | |  0.6
Throwing       | |  0.6
Armour         | |  0.6
Dodging        | |  4.5
Stealth        | |  4.1
Shields        | |  0.6
Unarmed Combat | |  0.6
Spellcasting   | |  7.1
Hexes          | |  0.4
Charms         | |  0.4
Necromancy     | |  0.4
Transmutations | |  0.4
Fire Magic     | |  0.4
Ice Magic      | |  0.4
Air Magic      | |  0.4
Earth Magic    | |  0.4
Poison Magic   | |  0.4
Invocations    | |  0.8
Evocations     | |  0.6

Action                   || total
-------------------------++-------
Melee: Dagger            ||    49
       Unarmed           ||     5
       Bite              ||     3
 Cast: Magic Dart        ||    21
       Call Imp          ||     3
 Stab: Sleeping          ||     4
  Eat: Chunk             ||     1
Armor: Robe              ||    13
Dodge: Dodged            ||    56
